 Dungeon Crawl Stone Soup version 0.31-a0-1570-g93c622d222 (webtiles) character file.

Game seed: 18124146193680688847

1966 dialectric the Mimic (level 9, -1/69 (74) HPs)
             Began as a Purple Draconian Shapeshifter on Jan 3, 2024.
             Slain by a wight
             ... wielding a +3 halberd of freezing
              (7 damage)
             ... on level 8 of the Dungeon.
             The game lasted 00:08:38 (7055 turns).

dialectric the Mimic (DrSh)                         Turns: 7055, Time: 00:08:39

HP:   -1/69 (74)    AC:  7    Str: 18    XL:     9   Next: 0%
MP:   9/9           EV: 13    Int: 11    God:
Gold: 411           SH:  0    Dex: 13    Spells: 6/8 levels left

rFire   + . .        G - +0 trident (venom)
rCold   . . .        (no shield)
rNeg    + . .        (body armour unavailable)
rPois   .            (helmet currently unavailable)
rElec   .            (cloak currently unavailable)
rCorr   .            (gloves currently unavailable)
SInv    .            (boots currently unavailable)
Will    +....        (no amulet)
Stlth   +            l - ring of protection from fire
HPRegen 0.31/turn    o - ring of positive energy
MPRegen 0.11/turn

%: no passive effects
@: beast-form, slowed, drained, very slow
A: beast (slay +4), breathe power, AC +7, unfitting armour, cold-blooded
a: Breathe Dispelling Energy, Begin Untransformation


You were on level 8 of the Dungeon.
You were a hulking beast.
You visited 1 branch of the dungeon, and saw 8 of its levels.

You collected 411 gold pieces.

Inventory:

Hand Weapons
 a - the +1 rapier of Healing Instant Death {pain, rPois rC++ Str-5 SInv}
   (You found it on level 3 of the Dungeon)

   Str-5:     It affects your strength (-5).
   rC++:      It greatly protects you from cold.
   rPois:     It protects you from poison SInv: It lets you see invisible.
 p - a +0 great sword
 E - a +3 dagger
 G - a +0 trident of venom (weapon)
Missiles
 j - 6 javelins (quivered)
 B - 3 curare-tipped darts
 F - 4 poisoned darts
Armour
 g - a +0 pair of gloves
 i - a +1 pair of gloves
 y - a +0 buckler
 A - a +0 cloak
Jewellery
 l - a ring of protection from fire (left hand)
 o - a ring of positive energy (right hand)
 z - a ring of willpower
 M - a +6 ring of intelligence
Talismans
 b - a beast talisman
 c - a flux talisman
 L - a blade talisman
Wands
 r - a wand of charming (13)
 I - a wand of mindburst (7)
 K - a wand of digging (9)
Scrolls
 d - a scroll of torment {unknown}
 e - a scroll of vulnerability {unknown}
 f - a scroll of blinking
 k - 5 scrolls of immolation {unknown}
 m - 4 scrolls of teleportation {unknown}
 n - 4 scrolls of silence {unknown}
 w - a scroll of fear {unknown}
 D - a scroll of enchant weapon {unknown}
 H - a scroll of noise {unknown}
 J - a scroll of identify
 N - a scroll of revelation {unknown}
Potions
 h - 3 potions of haste
 q - 2 potions of brilliance
 s - 2 potions of heal wounds
 t - 2 potions of curing
 u - a potion of resistance
 v - a potion of mutation
 x - a potion of invisibility
 C - 2 potions of might {unknown}


   Skills:
 - Level 5.0 Fighting
 + Level 5.4 Polearms
 - Level 4.0 Dodging
 - Level 3.0 Unarmed Combat
 + Level 8.2 Shapeshifting


You had 6 spell levels left.
You knew the following spells:

 Your Spells              Type           Power      Damage    Failure   Level
a - Ensorcelled Hibernat  Hex/Ice        0%         N/A       47%         2

Your spell library contained the following spells:

 Spells                   Type           Power      Damage    Failure   Level
 Cigotuvi's Dreadful Rot  Necr/Alch/Air  0%         N/A       47%         2
 Fugue of the Fallen      Necr           0%         N/A       71%         3
 Anguish                  Hex/Necr       0%         N/A       98%         4
 Ignite Poison            Fire/Alch      0%         N/A       98%         4
 Freezing Cloud           Conj/Ice/Air   0%         6-21      100%        5


Dungeon Overview and Level Annotations

Branches:
Dungeon (8/15)             Temple (0/1) D:4
   Lair: D:8-11

Altars:
Kikubaaqudgha
Vehumet


Innate Abilities, Weirdness & Mutations

You are a hulking beast.
Your limbs bulge with bestial killing power. (Slay +4)
You can breathe bolts of dispelling energy.
Your rich purple scales are hard. (AC +7)
You cannot fit into any form of body armour.
You are cold-blooded and may be slowed by cold attacks.


Message History

Your life force feels restored.
You reach to attack!
You hit the wight.
The wight is almost destroyed.
The wight hits you but does no damage.
You reach to attack!
You hit the wight.
You destroy the wight!
You have reached level 9!
Your experience leads to an increase in your attributes!
Increase (S)trength, (I)ntelligence, or (D)exterity?
You feel stronger. x2; Your scales feel tougher.
Unknown command.
You reach to attack!
You hit the wight but do no damage. You hit the wight but do no damage.
The wight hits you with a +2 long sword of freezing.
You partially resist.
You feel drained.
You feel yourself slow down. The wight freezes you.
The wight hits you from afar with a +3 halberd of freezing!
The wight freezes you.
Unknown command.
You are too injured to fight recklessly!
You hit the wight but do no damage.
Your tail-slap misses the wight.
The wight hits you with a +2 long sword of freezing!
You partially resist.
You feel drained.
You feel as though you will be slow longer.
The wight freezes you.
* * * LOW HITPOINT WARNING * * *
The wight hits you from afar with a +3 halberd of freezing!
* * * LOW HITPOINT WARNING * * *
The wight freezes you.
* * * LOW HITPOINT WARNING * * *
The wight hits you with a +2 long sword of freezing.
* * * LOW HITPOINT WARNING * * *
You partially resist.
You feel drained. The wight freezes you.
* * * LOW HITPOINT WARNING * * *
The wight closely misses you.
You hit the wight.
The wight is lightly damaged.
The wight closely misses you.
The wight hits you from afar with a +3 halberd of freezing!
You die...

##.## #.#
#.# #.# #.#
#.# #.#
#########.#
....[zzh..#
.##########


You could see 2 wights.

Vanquished Creatures
  Maggie (D:7)
  A steam dragon (D:7)
  2 ice beasts
  3 centaurs
  An ogre (D:6)
  A phantom (D:6)
  A kobold brigand (D:5)
  A scorpion (D:6)
  2 wights (D:8)
  A killer bee (D:8)
  A howler monkey (D:6)
  3 hounds
  A jelly (D:4)
  Ijyb (D:5)
  7 iguanas
  3 orc wizards
  A sleepcap (D:6)
  7 gnolls
  8 adders
  A white imp (D:7)
  4 dart slugs
  A ribbon worm (D:2)
  14 orcs
  5 ball pythons
  7 bats
  5 endoplasms
  3 giant cockroaches
  5 goblins
  6 hobgoblins
  3 jackals (D:2)
  2 quokkas (D:4)
  3 frilled lizards
  12 kobolds
  5 rats
122 creatures vanquished.

Notes
Turn   | Place    | Note
-------+----------+-------------------------------------------
     0 | D:1      | dialectric the Draconian Shapeshifter began the quest for
                  | the Orb.
     0 | D:1      | Reached XP level 1. HP: 16/16 MP: 1/1
   229 | D:1      | Reached XP level 2. HP: 23/23 MP: 2/2
   638 | D:2      | Reached XP level 3. HP: 30/30 MP: 3/3
  1307 | D:3      | Found a faded altar of an unknown god.
  1308 | D:3      | Noticed a shining eye
  1310 | D:3      | Noticed a great orb of eyes
  1310 | D:3      | Noticed a great orb of eyes
  1310 | D:3      | Noticed a great orb of eyes
  1401 | D:3      | Found an ancient bone altar of Kikubaaqudgha.
  1673 | D:3      | Reached XP level 4. HP: 36/38 MP: 4/4
  1896 | D:3      | Identified the +1 rapier of Healing Instant Death {pain,
                  | rPois rC++ Str-5 SInv}
  2552 | D:4      | Reached XP level 5. HP: 17/45 MP: 5/5
  2568 | D:3      | Reached skill level 4 in Shapeshifting
  3223 | D:4      | Found a staircase to the Ecumenical Temple.
  3336 | D:3      | Reached XP level 6. HP: 41/52 MP: 6/6
  4153 | D:5      | Entered Level 5 of the Dungeon
  4555 | D:5      | Reached skill level 5 in Shapeshifting
  4660 | D:5      | Reached skill level 5 in Fighting
  4673 | D:5      | Noticed Ijyb
  4698 | D:5      | Killed Ijyb
  4699 | D:5      | Your scales start taking on a rich purple colour.
  4699 | D:5      | Reached XP level 7. HP: 59/61 MP: 7/7
  5045 | D:5      | Learned a level 2 spell: Ensorcelled Hibernation
  5122 | D:5      | Noticed a kobold demonologist
  5122 | D:5      | Noticed a troll
  5215 | D:6      | Reached skill level 1 in Polearms
  5495 | D:6      | Reached skill level 6 in Shapeshifting
  5687 | D:6      | Reached XP level 8. HP: 51/68 MP: 8/8
  6144 | D:7      | Reached skill level 7 in Shapeshifting
  6160 | D:7      | Found a radiant altar of Vehumet.
  6548 | D:7      | Noticed Maggie
  6561 | D:7      | Killed Maggie
  6783 | D:7      | Reached skill level 5 in Polearms
  6783 | D:7      | Reached skill level 8 in Shapeshifting
  7052 | D:8      | Reached XP level 9. HP: 57/74 MP: 9/9
  7055 | D:8      | Slain by a wight

Illustrated notes

Levels and vault maps discovered:
D:1:      matt_arrival_refuge, layout_basic
D:2:      layout_rooms, roderic_serpentine_path
D:3:      layout_loops_corners, kiku_gazebo_garden_becter,
          hellmonk_ecumenical_altar_watching_god, chequers_hall_statues_y
D:4:      layout_layer_cave, minmay_temple_entry_crystal_x, grunt_ministairs_14
D:5:      kennysheep_big_flooded_room, layout_loops_ring,
          kennysheep_generic_room_9, uniq_ijyb
D:6:      layout_basic
D:7:      layout_rooms, nicolae_vehumet_radiance, uniq_maggie
D:8:      layout_loops_ring, mainiacjoe_overflow_chevrons, grunt_decor_clamped

Skill      XL: |  1  2  3  4  5  6  7  8 |
---------------+-------------------------+-----
Dodging        | 2 3 4 |  4.0
Fighting       | 2 3 4 5 |  5.0
Shapeshifting  | 4 5 6 8 |  8.2
Polearms       | 2 5 |  5.4
Unarmed Combat | |  3.0

Action                     |  1- 3 |  4- 6 |  7- 9 || total
---------------------------+-------+-------+-------++-------
  Melee: Unarmed           |   123 |   185 |    12 ||   320
         Punch             |     3 |     5 |     4 ||    12
         Tailslap          |    17 |    29 |    21 ||    67
         Trident           |       |       |   141 ||   141
  Throw: Dart              |       |     6 |       ||     6
         Javelin           |       |       |     1 ||     1
Ability: Breathe Dispellin |       |       |     1 ||     1
    Use: Potion            |       |     1 |       ||     1
         Scroll            |       |       |     9 ||     9
   Stab: Sleeping          |     1 |     2 |     1 ||     4
 Armour: Skin              |    51 |   123 |   132 ||   306
  Dodge: Dodged            |    70 |   103 |   102 ||   275

Table legend: (Time is in decaauts)
 A = Elapsed time spent in this place.
 B = Non-inter-level travel time spent in this place.
 C = Inter-level travel time spent in this place.
 D = Time resting spent in this place.
 E = Time spent auto-exploring this place.
 F = Levels seen in this place.
 G = Mean time per level.
                   A        B        C        D        E       F      G
               +--------+--------+--------+--------+--------+-----+--------+
         Total |   7067 |   6789 |    278 |    841 |   4615 |   8 |  883.4 |
       Dungeon |   7067 |   6789 |    278 |    841 |   4615 |   8 |  883.4 |
               +--------+--------+--------+--------+--------+-----+--------+

Top non-repeatable levels by time:
     D:3: 1552 daAuts
     D:4: 1297 daAuts
     D:6: 999 daAuts
     D:5: 985 daAuts
     D:7: 760 daAuts
     D:2: 692 daAuts
     D:1: 602 daAuts
     D:8: 177 daAuts
